AoeStats
← Néo

Black Forest

507965786Analyzed
4v4 RM · 12d ago on Sep 20, 2026· 39m 2s· 8 players
Game mode
Random Map
Map size
Large (8 player)
Population
200
Speed
Normal
Resources
Standard
Victory
Conquest
Starting age
Dark Age
Ending age
Imperial Age
RankedLock teamsTeams togetherTeam positionsShared explorationLock speedFull tech treeHidden civsTurbo modeCheats
Victory
Defeat
🇭🇰 Mongols · Hong Kong SAR China
925
+16
906
+16
🇦🇺 Tatars · Australia
795
+21
752
+22
🇫🇷 Lithuanians · France
938
-20
🇻🇳 Mongols · Vietnam
921
-19
🇩🇪 Khmer · Germany
891
-18
🇩🇪 Vietnamese · Germany
885
-18
xZeyyy
7:10 Loom
10:18 Feudal Age
10:46 Double-Bit Axe
16:53 Castle Age
15:44 Wheelbarrow
14:55 Horse Collar
15:54 Stone Mining
18:46 Bow Saw
26:52 Hand Cart
31:16 Imperial Age
30:16 Town Watch
32:13 Heavy Scorpion
33:00 Double Crossbow
33:20 Conscription
34:03 Chemistry
33:11 Husbandry
35:40 Bloodlines
38:30 Forging
38:25 Scale Barding Armor
Néo
0:28 Loom
11:21 Feudal Age
12:51 Wheelbarrow
12:04 Double-Bit Axe
12:01 Horse Collar
15:19 Gold Mining
18:00 Stone Mining
21:50 Castle Age
22:49 Hand Cart
22:47 Bow Saw
22:41 Heavy Plow
24:30 Fletching
24:46 Scale Mail Armor
27:51 Pikeman
30:20 Squires
30:38 Chain Mail Armor
34:09 Imperial Age
33:48 Forging
35:16 Iron Casting
34:20 Halberdier
36:32 Crop Rotation
37:05 Two-Man Saw
35:53 Town Watch
36:53 Tower Shields
37:14 Conscription
cuongnmstore
0:57 Loom
12:09 Feudal Age
12:15 Man-at-Arms
12:47 Double-Bit Axe
13:42 Wheelbarrow
I_am_I
11:13 Feudal Age
11:45 Double-Bit Axe
12:41 Wheelbarrow
17:59 Horse Collar
18:12 Gold Mining
22:19 Castle Age
20:47 Loom
24:13 Hand Cart
24:10 Bow Saw
23:52 Stone Mining
24:21 Caravan
28:39 Town Watch
34:00 Stone Shaft Mining
34:16 Town Patrol
34:48 Coinage
34:49 Fortified Wall
34:23 Treadmill Crane
34:57 Guard Tower
35:20 Treadmill Crane
John Rambo
1:38 Loom
1:49 Loom
10:08 Feudal Age
10:51 Double-Bit Axe
11:13 Horse Collar
20:26 Castle Age
22:21 Bow Saw
23:02 Heavy Plow
29:03 Fletching
29:13 Padded Archer Armor
29:53 Wheelbarrow
29:52 Bodkin Arrow
35:46 Imperial Age
34:28 Leather Archer Armor
35:38 Ballistics
35:39 Nomads
36:31 Bracer
36:32 Gold Mining
36:34 Stone Mining
36:11 Onager
36:33 Elite Mangudai
38:36 Parthian Tactics
39:14 Chemistry
39:03 Conscription
39:34 Gold Shaft Mining
39:35 Stone Shaft Mining
39:24 Hand Cart
39:01 Town Watch
十九集团军总司令薛岳
3:32 Loom
5:25 Loom
12:05 Feudal Age
12:53 Horse Collar
16:30 Castle Age
14:41 Double-Bit Axe
17:09 Bow Saw
17:01 Heavy Plow
23:57 Wheelbarrow
30:05 Imperial Age
27:42 Gold Mining
27:42 Stone Mining
28:08 Hand Cart
27:39 Town Watch
28:16 Scale Barding Armor
28:22 Forging
29:19 Gold Shaft Mining
29:20 Stone Shaft Mining
30:53 Guilds
31:40 Conscription
31:24 Elite War Elephant
33:02 Bloodlines
32:52 Husbandry
33:51 Chain Barding Armor
33:41 Forging
36:03 Plate Barding Armor
36:03 Iron Casting
39:09 Blast Furnace
Noob
11:47 Feudal Age
12:16 Double-Bit Axe
13:08 Wheelbarrow
17:24 Bloodlines
22:42 Castle Age
22:03 Horse Collar
24:44 Husbandry
25:37 Fletching
30:01 Padded Archer Armor
29:57 Bodkin Arrow
32:23 Bow Saw
32:16 Heavy Plow
35:00 Hand Cart
38:40 Silk Armor
39:05 Treadmill Crane
39:47 Ballistics
第四集团军司令李宗仁
11:57 Feudal Age
12:23 Double-Bit Axe
12:19 Horse Collar
16:43 Castle Age
18:47 Bow Saw
21:02 Stone Mining
21:07 Gold Mining
21:43 Heavy Plow
23:09 Stone Shaft Mining
26:15 Gold Shaft Mining
29:21 Loom
30:11 Wheelbarrow
29:21 Town Watch
30:34 Bloodlines
29:46 Light Cavalry
35:33 Imperial Age
34:47 Hand Cart
34:32 Town Patrol
36:06 Forging
35:57 Scale Mail Armor
36:02 Scale Barding Armor
35:48 Fletching
35:58 Padded Archer Armor
36:40 Conscription
35:55 Elite Battle Elephant
36:39 Hussar
39:44 Iron Casting
39:24 Chain Mail Armor
39:29 Chain Barding Armor
Connection lost

Rejoining the realm…

Still unreachable

The connection could not be restored.

Session expired

The server has moved on; the page needs a fresh start.